[Event "ICC tourney 1934 (60 10)"]
[Site "Internet Chess Club"]
[Date "2020.07.26"]
[Round "5"]
[White "yogokings12"]
[Black "Ajitesh20091"]
[Result "0-1"]
[ICCResult "White resigns"]
[WhiteElo "1491"]
[BlackElo "1452"]
[Opening "KGA: bishop's gambit"]
[ECO "C33"]
[NIC "KG.03"]
[Time "11:03:57"]
[TimeControl "3600+10"]

1. e4 e5 2. f4 exf4 3. Bc4 Qh4+ 4. Kf1 d6 5. Nf3 Qh6 6. d4 Nf6 7. Nc3 c6 8.
e5 dxe5 9. dxe5 Nh5 10. Ne4 Be6 11. Bxe6 Qxe6 12. Nfg5 Qc4+ 13. Qd3 Qxd3+
14. cxd3 h6 15. Nf3 Nd7 16. d4 f5 17. Nf2 g5 18. Bd2 Be7 19. Bc3 g4 20. Nd2
O-O-O 21. Nd3 Nb6 22. Ke2 Nd5 23. Nf1 c5 24. Rc1 f3+ 25. gxf3 Nhf4+ 26. Nxf4
Nxf4+ 27. Ke3 Bg5 28. fxg4 Nd5+ {White resigns} 0-1

[Event "ICC tourney 1934 (60 10)"]
[Site "Internet Chess Club"]
[Date "2020.07.26"]
[Round "5"]
[White "AboardBuffalo"]
[Black "chessmaster0981"]
[Result "1-0"]
[ICCResult "Black resigns"]
[WhiteElo "1575"]
[BlackElo "1372"]
[Opening "French: Tarrasch, closed variation, main line"]
[ECO "C06"]
[NIC "FR.17"]
[Time "11:03:35"]
[TimeControl "3600+10"]

1. e4 e6 2. d4 d5 3. Nd2 Nf6 4. e5 Nfd7 5. Bd3 c5 6. c3 Nc6 7. Ne2 cxd4 8.
cxd4 f6 9. exf6 Nxf6 10. Nf3 Bd6 11. O-O O-O 12. Bf4 Bxf4 13. Nxf4 Qd6 14.
Ne2 Ng4 15. Ng3 e5 16. dxe5 Ncxe5 17. Nxe5 Nxe5 18. Be4 Be6 19. Qd4 Rf4 20.
Bxh7+ Kxh7 21. Qxf4 Rf8 22. Qe3 Ng4 23. Qe2 Rf6 24. h3 Ne5 25. Rfe1 Ng6 26.
Nh5 Rf5 27. Qxe6 Qxe6 28. Rxe6 Rxh5 29. Rd6 Nf8 30. Rd1 Re5 31. R6xd5 Re2
32. R5d2 Re7 33. Rd8 Kg8 34. Kf1 Kf7 35. Re1 Rc7 36. Ke2 Rc2+ 37. Rd2 Rc7
38. Kd1 Rc6 39. Rc2 Rd6+ 40. Kc1 Rd7 41. Kb1 Ne6 42. g4 Ng5 43. Rec1 Ne6 44.
f4 Nxf4 45. Rc7 Ke7 46. Re1+ Kd8 47. Rxd7+ Kxd7 48. Rf1 Nxh3 49. Rf7+ Kc6
50. Rxg7 Nf2 51. g5 Ne4 52. g6 Nf6 53. Rf7 Nh5 54. g7 Nxg7 55. Rxg7
{Black resigns}
1-0

[Event "ICC tourney 1934 (60 10)"]
[Site "Internet Chess Club"]
[Date "2020.07.26"]
[Round "5"]
[White "Niteshc"]
[Black "Priccchess"]
[Result "0-1"]
[ICCResult "White checkmated"]
[WhiteElo "1376"]
[BlackElo "1621"]
[Opening "Philidor's defense"]
[ECO "C41"]
[NIC "KP.10"]
[Time "11:03:43"]
[TimeControl "3600+10"]

1. e4 e5 2. Nf3 d6 3. Bc4 Be7 4. h3 Nf6 5. d3 h6 6. c3 Be6 7. Bxe6 fxe6 8.
Qb3 Qc8 9. d4 Nxe4 10. dxe5 O-O 11. O-O d5 12. Be3 c5 13. Nbd2 Nxd2 14. Bxd2
Nc6 15. Qc2 Qe8 16. Rfe1 Rd8 17. Qb3 Rd7 18. Be3 Qg6 19. Nh2 Nxe5 20. Bxh6
Nd3 21. Re3 Rxf2 22. Ng4 Rxb2 23. Qd1 c4 24. Rg3 Bh4 25. Bc1 Bxg3 26. Bxb2
Nxb2 27. Qf3 Bd6 28. Qe2 Nd3 29. h4 Bc5+ 30. Kh2 Rf7 31. g3 Qf5 32. Rg1
Bxg1+ 33. Kxg1 Qf3 34. Qxf3 Rxf3 35. Kg2 Ne1+ 36. Kh3 Rxc3 37. h5 d4 38. h6
d3 39. hxg7 Kxg7 40. Ne5 d2 41. a4 d1=Q 42. a5 Qh5# {White checkmated} 0-1

[Event "ICC tourney 1934 (60 10)"]
[Site "Internet Chess Club"]
[Date "2020.07.26"]
[Round "5"]
[White "dabpacman"]
[Black "minitotoro"]
[Result "1/2-1/2"]
[ICCResult "Game drawn by mutual agreement"]
[WhiteElo "1238"]
[BlackElo "1854"]
[Opening "Caro-Kann: classical, Spassky variation"]
[ECO "B19"]
[NIC "CK.12"]
[Time "11:03:39"]
[TimeControl "3600+10"]

1. e4 c6 2. d4 d5 3. Nc3 dxe4 4. Nxe4 Bf5 5. Ng3 Bg6 6. h4 h6 7. Nf3 Nd7 8.
h5 Bh7 9. Bd3 Bxd3 10. Qxd3 Ngf6 11. Bd2 Qb6 12. O-O-O O-O-O 13. Be3 Qa5 14.
Kb1 e6 15. Bd2 Qc7 16. Ne4 Nxe4 17. Qxe4 Nf6 18. Qe2 Be7 19. c3 Rd7 20. Ne5
Rd5 21. Nxf7 Rf8 22. Qxe6+ Kb8 23. Ne5 Rd6 24. Qh3 Ne4 25. Be3 Bg5 26. Rhf1
Qb6 27. Nc4 Nxc3+ 28. Kc2 Qb4 29. Nxd6 Nxd1 30. Rxd1 Qxd6 31. Kb1 Qd5 32.
Qg3+ Ka8 33. f4 {Game drawn by mutual agreement} 1/2-1/2

[Event "ICC tourney 1934 (60 10)"]
[Site "Internet Chess Club"]
[Date "2020.07.26"]
[Round "5"]
[White "hursha6b5"]
[Black "Knightboy123"]
[Result "0-1"]
[ICCResult "White resigns"]
[WhiteElo "1375"]
[BlackElo "1415"]
[Opening "Sicilian: Najdorf"]
[ECO "B90"]
[NIC "SI.14"]
[Time "11:03:35"]
[TimeControl "3600+10"]

1. e4 c5 2. Nf3 d6 3. d4 cxd4 4. Nxd4 Nf6 5. Nc3 a6 6. f3 e5 7. Nb3 Be6 8.
Be3 Be7 9. Qd2 O-O 10. O-O-O Nbd7 11. g4 b5 12. g5 b4 13. gxf6 bxc3 14. Qxc3
Nxf6 15. Na5 Rc8 16. Nc6 Qd7 17. Nxe7+ Qxe7 18. Qa3 Qc7 19. c3 Rfd8 20. Rg1
Ne8 21. Kb1 Bc4 22. Bh3 Ra8 23. Rg2 d5 24. Rdg1 Qd6 25. Bc5 Qh6 26. Rg3 dxe4
27. Bf8 e3 28. Qc5 Bd3+ 29. Ka1 e2 30. Be7 Bg6 31. Bxd8 Rxd8 32. a3 Rd1+ 33.
Ka2 e1=Q 34. Rxe1 Rxe1 35. a4 f6 36. Be6+ Bf7 37. Qe7 Bxe6+ 38. Qxe6+ Kf8
39. f4 exf4 40. Qxe1 fxg3 41. Qxg3 Qd2 42. Qf3 Nc7 43. h4 Qd5+ 44. Qxd5 Nxd5
45. c4 Nb4+ 46. Kb3 a5 47. Kc3 Ke7 48. Kd4 Kd6 49. b3 Kc6 50. Ke4 g5 51. h5
Kd6 52. Kf5 Ke7 53. h6 Nc6 54. Ke4 Ke6 55. c5 f5+ 56. Kd3 Kd5 {White
resigns} 0-1

[Event "ICC tourney 1934 (60 10)"]
[Site "Internet Chess Club"]
[Date "2020.07.26"]
[Round "5"]
[White "lmperfectFocus"]
[Black "PatrickChen"]
[Result "0-1"]
[ICCResult "White resigns"]
[WhiteElo "1533"]
[BlackElo "1561"]
[Opening "Sicilian: Alapin's variation (2.c3)"]
[ECO "B22"]
[NIC "SI.47"]
[Time "11:03:33"]
[TimeControl "3600+10"]

1. e4 c5 2. c3 Nf6 3. e5 Nd5 4. d4 cxd4 5. Nf3 e6 6. cxd4 d6 7. Nc3 Nxc3 8.
bxc3 Bd7 9. Ba3 Bc6 10. Bd3 Be7 11. O-O O-O 12. Bxd6 Bxd6 13. exd6 g6 14.
Ng5 Qxg5 15. f3 Qd8 16. Re1 Qxd6 17. Qc2 Nd7 18. Re3 Nf6 19. Rae1 Rae8 20.
f4 Nd5 21. Rg3 Nxf4 22. Be4 Bxe4 23. Rxe4 f5 24. Ree3 Nd5 25. Ref3 Nf6 26.
Qc1 Ne4 27. Rh3 Qe7 28. Rf4 Rf7 29. Rfh4 Rc8 30. g4 Ng5 {White resigns} 0-1

[Event "ICC tourney 1934 (60 10)"]
[Site "Internet Chess Club"]
[Date "2020.07.26"]
[Round "5"]
[White "StevChess01"]
[Black "DanielA1926"]
[Result "1-0"]
[ICCResult "Black resigns"]
[WhiteElo "1315"]
[BlackElo "1208"]
[Opening "Robatsch (modern) defense"]
[ECO "A40"]
[NIC "KF.05"]
[Time "11:03:27"]
[TimeControl "3600+10"]

1. d4 g6 2. e4 Bg7 3. c4 b6 4. Nc3 Bb7 5. f3 d6 6. Be3 Nd7 7. Qd2 e5 8. d5
Ne7 9. Bd3 O-O 10. Nge2 Nc5 11. Bc2 Ba6 12. b4 Nd7 13. Bd3 f5 14. O-O-O f4
15. Bf2 Bf6 16. Kb2 Kg7 17. Nc1 Ng8 18. Rhf1 Bh4 19. Bg1 Qg5 20. Nb3 Rab8
21. Nb5 Bxb5 22. cxb5 Qe7 23. Rc1 Rfc8 24. Rc2 Nf8 25. Rfc1 Rb7 26. a4 Nh6
27. a5 g5 28. h3 Ng8 29. Rc3 Qd7 30. Qc2 Nf6 31. a6 Rbb8 32. Rxc7 Rxc7 33.
Qxc7 Rd8 34. Qxd7+ Rxd7 35. Bf1 Kf7 36. Nd2 Ke7 37. Kb3 Kd8 38. Nc4 Rc7 39.
Kc2 Kd7 40. Kd1 Bg3 41. Bxb6 axb6 42. Nxb6+ Kd8 43. Rxc7 Kxc7 44. a7 Kxb6
45. a8=Q Kc7 46. Qxf8 Nd7 47. Qe7 Bh4 48. b6+ Kc8 49. Qe8+ Kb7 50. Qxd7+
Kxb6 51. Qxd6+ Kb7 {Black resigns} 1-0

[Event "ICC tourney 1934 (60 10)"]
[Site "Internet Chess Club"]
[Date "2020.07.26"]
[Round "5"]
[White "pawnpush202044"]
[Black "Singireddy"]
[Result "1/2-1/2"]
[ICCResult "Game drawn by mutual agreement"]
[WhiteElo "1582"]
[BlackElo "1767"]
[Opening "King's Indian: 6.Be2"]
[ECO "E91"]
[NIC "KI.19"]
[Time "11:03:35"]
[TimeControl "3600+10"]

1. c4 Nf6 2. d4 g6 3. Nc3 Bg7 4. e4 d6 5. Nf3 O-O 6. Be2 c5 7. d5 Nbd7 8.
O-O Re8 9. Ne1 e6 10. dxe6 Rxe6 11. f3 Ne5 12. Bg5 h6 13. Be3 Qe7 14. Qd2
Kh7 15. Nc2 b6 16. Rfd1 Ba6 17. b3 Rd8 18. Bf2 Bb7 19. Ne3 Nc6 20. Ned5 Qf8
21. Rac1 Rd7 22. a3 h5 23. Be3 Re8 24. b4 Nxd5 25. cxd5 Nd4 26. Rb1 Nxe2+
27. Nxe2 f5 28. Nf4 fxe4 29. Ne6 Qf6 30. Ng5+ {Game drawn by mutual
agreement} 1/2-1/2

[Event "ICC tourney 1934 (60 10)"]
[Site "Internet Chess Club"]
[Date "2020.07.26"]
[Round "5"]
[White "importantheart"]
[Black "peekaboopenguin"]
[Result "0-1"]
[ICCResult "White resigns"]
[WhiteElo "1369"]
[BlackElo "1306"]
[Opening "Sicilian defense"]
[ECO "B40"]
[NIC "SI.43"]
[Time "11:03:34"]
[TimeControl "3600+10"]

1. e4 c5 2. Nf3 e6 3. c3 d5 4. exd5 exd5 5. d4 cxd4 6. cxd4 Nf6 7. Nc3 Bd6
8. Be2 O-O 9. O-O Re8 10. h3 a6 11. Bg5 Be6 12. Qb3 Nc6 13. Rfd1 Na5 14. Qc2
h6 15. Be3 Nc4 16. Rac1 Rc8 17. Qb1 Qd7 18. Bd3 b5 19. Ne2 Nxe3 20. fxe3
Rxc1 21. Rxc1 Bxh3 22. gxh3 Qxh3 23. Rf1 Rxe3 24. Bf5 Qh5 25. Kg2 Rxe2+ 26.
Rf2 Rxf2+ 27. Kxf2 Ng4+ 28. Ke2 Nh2 29. Qd3 Qxf3+ 30. Qxf3 Nxf3 31. Kxf3 Kf8
32. Bc8 a5 33. Bb7 Ke7 34. Bxd5 h5 35. Kg2 h4 36. Kh3 g5 37. Kg4 f6 38. Bc6
b4 39. d5 Be5 40. Bb5 Bxb2 41. Ba4 Kd6 42. Bb3 Be5 43. Bc4 a4 44. Kf3 h3 45.
Bf1 h2 46. Bg2 Kxd5 47. Ke3+ Kc5 48. Kd3 f5 49. Bf3 g4 50. Bg2 f4 51. Bh1 g3
52. Bg2 b3 53. axb3 a3 {White resigns} 0-1

[Event "ICC tourney 1934 (60 10)"]
[Site "Internet Chess Club"]
[Date "2020.07.26"]
[Round "5"]
[White "MysteryHunter"]
[Black "TeeKay2020"]
[Result "1-0"]
[ICCResult "Black resigns"]
[WhiteElo "1574"]
[BlackElo "1463"]
[Opening "French: Steinitz, Boleslavsky variation"]
[ECO "C11"]
[NIC "FR.04"]
[Time "11:03:37"]
[TimeControl "3600+10"]

1. e4 e6 2. d4 d5 3. Nc3 Nf6 4. e5 Nfd7 5. f4 c5 6. Nf3 Nc6 7. Be3 a6 8. Qd2
b5 9. Be2 Bb7 10. O-O cxd4 11. Nxd4 Bc5 12. Nxc6 Bxc6 13. Bxc5 Nxc5 14. Qd4
Ne4 15. Nxe4 dxe4 16. Rad1 Qxd4+ 17. Rxd4 Ke7 18. Rfd1 Rhd8 19. c3 Rxd4 20.
Rxd4 Rd8 21. Rxd8 Kxd8 22. Kf2 f5 23. exf6 gxf6 24. Ke3 Ke7 25. g4 f5 26. g5
Kd6 27. Kd4 Bd5 28. b3 Bc6 29. h4 Be8 30. h5 Bf7 31. c4 bxc4 32. bxc4 a5 33.
c5+ Kc6 34. Ke5 Kxc5 35. Kf6 e5 36. fxe5 f4 37. e6 Bxe6 38. Kxe6 f3 39. Bd1
Kd4 40. g6 hxg6 41. hxg6 Ke3 42. Ba4 f2 43. Bb5 Kd2 44. g7 e3 45. g8=Q e2
46. Bxe2 Kxe2 47. Qg2 Ke1 48. Qe4+ Kd1 49. Qd3+ Ke1 50. Qe3+ Kf1 51. Kf5 a4
52. Kf4 Kg2 53. Qg3+ Kh1 54. Qxf2 a3 55. Qe2 Kg1 56. Kg3 {Black resigns} 1-0

[Event "ICC tourney 1934 (60 10)"]
[Site "Internet Chess Club"]
[Date "2020.07.26"]
[Round "5"]
[White "Roger436"]
[Black "sushivishwa"]
[Result "0-1"]
[ICCResult "White checkmated"]
[WhiteElo "1328"]
[BlackElo "1428"]
[Opening "Ruy Lopez: Wormald (Alapin) attack"]
[ECO "C77"]
[NIC "RL.12"]
[Time "11:03:52"]
[TimeControl "3600+10"]

1. e4 e5 2. Nf3 Nc6 3. Bb5 a6 4. Ba4 Nf6 5. Qe2 b5 6. Bb3 Bc5 7. c3 d6 8. d3
O-O 9. Nbd2 Bb7 10. O-O Bb6 11. h3 Ne7 12. Re1 Ng6 13. Nf1 c5 14. Ng3 Kh8
15. Ng5 Qd7 16. Nh5 Ng8 17. Qf3 c4 18. dxc4 f5 19. cxb5 h6 20. Ne6 fxe4 21.
Nxf8 Rxf8 22. Qd1 Bxf2+ 23. Kh2 Bxe1 24. Qxe1 axb5 25. Qg3 Qf5 26. Qg4 Qxg4
27. hxg4 Rf2 28. Kg1 e3 29. Bxe3 Rxg2+ 30. Kf1 Rxg4 31. Rd1 Rh4 32. Rxd6
Rxh5 33. Rxg6 Nf6 34. c4 bxc4 35. Bxc4 Rh2 36. Bb3 Kh7 37. Rg3 Rxb2 38. Bc5
Ne4 39. Re3 Nxc5 40. Rxe5 Nxb3 41. axb3 Rxb3 42. Kf2 Kg6 43. Re6+ Kh5 44.
Re5+ g5 45. Re6 Bd5 46. Rd6 Be4 47. Re6 Bg6 48. Rd6 g4 49. Rd5+ Kh4 50. Rd6
Kg5 51. Rd5+ Bf5 52. Ra5 h5 53. Kg2 h4 54. Kh2 Rb2+ 55. Kg1 g3 56. Kh1 h3
57. Kg1 Rb1# {White checkmated} 0-1

[Event "ICC tourney 1934 (60 10)"]
[Site "Internet Chess Club"]
[Date "2020.07.26"]
[Round "5"]
[White "Aqualime"]
[Black "combusken1123"]
[Result "0-1"]
[ICCResult "White checkmated"]
[WhiteElo "1405"]
[BlackElo "1488"]
[Opening "Dutch, 2.Bg5 variation"]
[ECO "A80"]
[NIC "HD.12"]
[Time "11:03:57"]
[TimeControl "3600+10"]

1. d4 f5 2. Bg5 g6 3. e3 Bg7 4. Nf3 Nf6 5. c4 O-O 6. Nc3 d6 7. Bd3 Qe8 8.
Nb5 Na6 9. d5 c6 10. Nc3 e5 11. dxe6 Bxe6 12. Nd4 Nc5 13. Be2 Nfe4 14. Nxe4
Nxe4 15. Bf4 Rd8 16. Rc1 d5 17. Nxe6 Qxe6 18. cxd5 cxd5 19. Qb3 Rf7 20. O-O
g5 21. Bc7 Rc8 22. Qxb7 Be5 23. Rc6 Qd7 24. Bb5 Rxc7 25. Qb8+ Rf8 26. Rxc7
Qxc7 27. Qxc7 Bxc7 28. f3 Nf6 29. Rc1 Bb6 30. Kf2 f4 31. Ke2 fxe3 32. g4 h5
33. h3 hxg4 34. hxg4 Rf7 35. Bd3 Rc7 36. Rh1 Kg7 37. Rh3 d4 38. Rh1 Nd5 39.
a3 Nf4+ 40. Kf1 Rc1# {White checkmated} 0-1

[Event "ICC tourney 1934 (60 10)"]
[Site "Internet Chess Club"]
[Date "2020.07.26"]
[Round "5"]
[White "ScoutViolet"]
[Black "EthanPowers"]
[Result "1/2-1/2"]
[ICCResult "Game drawn by mutual agreement"]
[WhiteElo "1320"]
[BlackElo "1394"]
[Opening "Four knights: Nimzovich (Paulsen) variation"]
[ECO "C49"]
[NIC "KP.03"]
[Time "11:03:37"]
[TimeControl "3600+10"]

1. e4 e5 2. Nf3 Nc6 3. Nc3 Nf6 4. Bb5 Bb4 5. O-O O-O 6. Bxc6 Bxc3 7. Bxb7
Bxb7 8. dxc3 h6 9. Nxe5 d6 10. Ng4 Nxe4 11. f3 Nf6 12. Qd4 Nxg4 13. Qxg4 Qf6
14. Be3 Rfe8 15. Bd4 Qg5 16. Qxg5 hxg5 17. Rfe1 a6 18. Kf2 f6 19. b4 Bd5 20.
a3 Bf7 21. Re3 Bg6 22. Rc1 Rxe3 23. Bxe3 a5 24. b5 a4 25. b6 cxb6 26. Bxb6
Rc8 27. Bd4 Kf7 28. g4 Rb8 29. c4 Rc8 30. c3 Rxc4 31. Bb6 Rc6 32. Ba5 Ke6
33. Re1+ Kd7 34. Bb4 Bf7 35. Re4 Bg6 36. Rd4 Ke6 37. Kg3 Bc2 38. Rd2 Bb3 39.
Re2+ Kd7 40. Re4 Bc2 {Game drawn by mutual agreement} 1/2-1/2

[Event "ICC tourney 1934 (60 10)"]
[Site "Internet Chess Club"]
[Date "2020.07.26"]
[Round "5"]
[White "msk2018"]
[Black "HAPPYKING99"]
[Result "0-1"]
[ICCResult "White resigns"]
[WhiteElo "1397"]
[BlackElo "1266"]
[Opening "Queen's pawn, Mason variation, Steinitz counter-gambit"]
[ECO "D00"]
[NIC "QP.08"]
[Time "11:03:28"]
[TimeControl "3600+10"]

1. d4 d5 2. Bf4 c5 3. e3 Nf6 4. c3 Nc6 5. h3 Qb6 6. Qc1 Bf5 7. Nf3 e6 8. Be2
Be7 9. Nbd2 O-O 10. O-O Rac8 11. dxc5 Bxc5 12. Nb3 Be7 13. Ne5 Qd8 14. Rd1
Bd6 15. Nxc6 bxc6 16. Bxd6 Qxd6 17. Nd4 Bg6 18. Nf3 Rfe8 19. Ng5 e5 20. Nf3
Ne4 21. Bd3 f5 22. Ba6 Rc7 23. c4 Nc5 24. cxd5 Nxa6 25. dxc6 Qxc6 26. Qd2
Nc5 27. Rac1 Qb6 28. Ng5 Rd7 29. Qc3 Rxd1+ 30. Rxd1 e4 31. Qc4+ Kf8 32. Rc1
Nd3 33. Rc2 h6 34. Nf3 Nxb2 35. Nd4 Nxc4 {White resigns} 0-1

[Event "ICC tourney 1934 (60 10)"]
[Site "Internet Chess Club"]
[Date "2020.07.26"]
[Round "5"]
[White "keb2020"]
[Black "hankmd"]
[Result "1-0"]
[ICCResult "Black resigns"]
[WhiteElo "1523"]
[BlackElo "1579"]
[Opening "Van't Kruijs opening"]
[ECO "A00"]
[Time "11:03:44"]
[TimeControl "3600+10"]

1. e3 c5 2. c4 Nf6 3. Nc3 e6 4. Nf3 d5 5. d4 cxd4 6. exd4 Nc6 7. cxd5 exd5
8. Bb5 Bb4 9. O-O O-O 10. Bg5 Be6 11. Ne5 Rc8 12. Rc1 h6 13. Bh4 Be7 14.
Nxc6 bxc6 15. Bd3 Nd7 16. Bxe7 Qxe7 17. f4 Qb4 18. f5 Qxd4+ 19. Kh1 Ne5 20.
Ba6 Qxd1 21. Rcxd1 Bd7 22. Bxc8 Rxc8 23. h3 Rb8 24. b3 f6 25. Kh2 Kf7 26. g4
a6 27. Kg3 Rb4 28. Rfe1 Bc8 29. Na4 h5 30. gxh5 Bxf5 31. Nc5 Bc8 32. Nd3
Nxd3 33. Rxd3 Be6 34. Rde3 Re4 35. Rxe4 dxe4 36. Rxe4 Bd5 37. Ra4
{Black resigns}
1-0

[Event "ICC tourney 1934 (60 10)"]
[Site "Internet Chess Club"]
[Date "2020.07.26"]
[Round "5"]
[White "kralj8"]
[Black "imranchamp"]
[Result "1/2-1/2"]
[ICCResult "Game drawn by mutual agreement"]
[WhiteElo "1659"]
[BlackElo "1491"]
[Opening "Sicilian: closed"]
[ECO "B23"]
[NIC "SI.44"]
[Time "11:03:27"]
[TimeControl "3600+10"]

1. e4 c5 2. Nc3 b6 3. Nf3 Bb7 4. d4 cxd4 5. Nxd4 a6 6. Bd3 e6 7. O-O Be7 8.
Be3 Nf6 9. Re1 O-O 10. a3 Qc7 11. f4 Nc6 12. Bf2 Nxd4 13. Bxd4 Qxf4 14. Rf1
Qc7 15. e5 Bc5 16. exf6 Bxd4+ 17. Kh1 Bxf6 18. Qg4 Qe5 19. Ne4 Bd8 20. Ng3
Qg5 21. Qe2 Bc7 22. Be4 d5 23. Bd3 Bxg3 24. hxg3 Qxg3 25. Rf3 Qg5 26. Raf1
e5 27. Bf5 Qh5+ 28. Rh3 Qxe2 29. Bxh7+ Kh8 30. Bg6+ Kg8 31. Bh7+ Kh8 32.
Bg6+ {Game drawn by mutual agreement} 1/2-1/2

[Event "ICC tourney 1934 (60 10)"]
[Site "Internet Chess Club"]
[Date "2020.07.26"]
[Round "5"]
[White "Almanac2050"]
[Black "rkanury1"]
[Result "1/2-1/2"]
[ICCResult "Game drawn by mutual agreement"]
[WhiteElo "1608"]
[BlackElo "1276"]
[Opening "Sicilian defense"]
[ECO "B34"]
[NIC "SI.33"]
[Time "11:04:21"]
[TimeControl "3600+10"]

1. e4 c5 2. Nf3 Nc6 3. d4 cxd4 4. Nxd4 g6 5. Be3 Bg7 6. Nc3 Nf6 7. f3 d6 8.
Bc4 O-O 9. Bb3 Bd7 10. Qd2 Rc8 11. O-O-O Na5 12. g4 Nxb3+ 13. Nxb3 b6 14. h4
h5 15. gxh5 Nxh5 16. Bd4 Kh7 17. Bxg7 Kxg7 18. Rdg1 a5 19. Qg5 Rh8 20. Nd5
e5 21. Qxd8 Rcxd8 22. Nxb6 a4 23. Nxd7 axb3 24. Nb6 bxa2 25. Kd2 Rb8 26. Nc4
Rhc8 27. b3 Rc6 28. Ra1 Ra6 29. Kc3 Kf8 30. Kb2 Rba8 31. Rhd1 Ke7 32. Rd5
Nf4 33. Rb5 R8a7 34. Rb6 Ng2 35. Rxa6 Rxa6 36. Rxa2 Rxa2+ 37. Kxa2 Nxh4 38.
Nd2 f5 39. exf5 gxf5 40. c4 {Game drawn by mutual agreement} 1/2-1/2

[Event "ICC tourney 1934 (60 10)"]
[Site "Internet Chess Club"]
[Date "2020.07.26"]
[Round "5"]
[White "cdj12417489"]
[Black "krishghosh"]
[Result "0-1"]
[ICCResult "White forfeits on time"]
[WhiteElo "1133"]
[BlackElo "1391"]
[Opening "Scotch: Göring gambit"]
[ECO "C44"]
[NIC "SO.06"]
[Time "11:03:41"]
[TimeControl "3600+10"]

1. e4 e5 2. Nf3 Nc6 3. d4 exd4 4. c3 dxc3 5. Nxc3 Nge7 6. Bd3 g6 7. Bc4 Bg7
8. Be3 h6 9. Qd2 d6 10. O-O Bg4 11. Nd4 Nxd4 12. Bxd4 Bxd4 13. Qxd4 O-O 14.
f4 Nc6 15. Qf2 Be6 16. Nd5 Na5 17. Bd3 c6 18. Ne3 b5 19. f5 Bc4 20. Bxc4
Nxc4 21. Ng4 h5 22. Nh6+ Kh7 23. Qf4 g5 24. Nxf7 Qb6+ 25. Kh1 gxf4 26. Ng5+
Kh6 27. Ne6 Nd2 28. Rxf4 Rae8 29. Nxf8 Rxf8 30. Re1 Nc4 31. Rf3 Ne5 32. Rg3
Ng4 33. h3 Qf2 34. hxg4 Qxe1+ 35. Kh2 Qxe4 36. g5+ Kg7 37. f6+ Kg6 38. Kh3
Qb1 39. Rf3 Qh1+ 40. Kg3 Kxg5 {White forfeits on time} 0-1

[Event "ICC tourney 1934 (60 10)"]
[Site "Internet Chess Club"]
[Date "2020.07.26"]
[Round "5"]
[White "skywise"]
[Black "Zues9393"]
[Result "0-1"]
[ICCResult "White checkmated"]
[WhiteElo "1576"]
[BlackElo "1683"]
[Opening "Benkö gambit: main line"]
[ECO "A58"]
[NIC "BI.41"]
[Time "11:04:03"]
[TimeControl "3600+10"]

1. d4 Nf6 2. c4 c5 3. d5 b5 4. cxb5 a6 5. bxa6 Bxa6 6. Nc3 g6 7. e4 Bxf1 8.
Kxf1 d6 9. Nf3 Bg7 10. g3 O-O 11. Kg2 Qa5 12. Re1 Na6 13. a3 Rfb8 14. Qa4
Qxa4 15. Nxa4 Nd7 16. Nc3 c4 17. Nd2 Ne5 18. f4 Nd3 19. Re3 Bd4 20. Re2 Nxb2
21. Bxb2 Rxb2 22. Rc1 Bxc3 23. Rxc3 Nc5 24. Kf3 Nb3 25. Nxb3 Rxb3 26. Rxb3
cxb3 27. Rb2 Rxa3 28. h3 f5 29. exf5 gxf5 30. Ke3 Kf7 31. Kd3 h5 32. Kc3 Ra5
33. Kc4 Rc5+ 34. Kd4 Rb5 35. Kc4 Rb7 36. Rxb3 Rxb3 37. Kxb3 e6 38. Kc4 exd5+
39. Kxd5 Ke7 40. g4 fxg4 41. hxg4 hxg4 42. Ke4 d5+ 43. Ke3 Kf6 44. Kf2 Kf5
45. Ke3 d4+ 46. Kxd4 Kxf4 47. Kd3 Kf3 48. Kd2 Kf2 49. Kd3 g3 50. Ke4 g2 51.
Kd5 g1=Q 52. Ke5 Qg4 53. Kf6 Qe4 54. Kg5 Qf3 55. Kg6 Ke3 56. Kg7 Ke4 57. Kg8
Ke5 58. Kg7 Ke6 59. Kg6 Qg2+ 60. Kh7 Kf7 61. Kh8 Qh1# {White checkmated} 0-1

[Event "ICC tourney 1934 (60 10)"]
[Site "Internet Chess Club"]
[Date "2020.07.26"]
[Round "5"]
[White "chessKingT"]
[Black "mancogu"]
[Result "1/2-1/2"]
[ICCResult "Game drawn by mutual agreement"]
[WhiteElo "1403"]
[BlackElo "1284"]
[Opening "Sicilian: Canal-Sokolsky attack, Sokolsky variation"]
[ECO "B52"]
[NIC "SI.01"]
[Time "11:04:00"]
[TimeControl "3600+10"]

1. e4 c5 2. Nf3 d6 3. Bb5+ Bd7 4. Bxd7+ Qxd7 5. c4 Nc6 6. d4 cxd4 7. Nxd4
Nf6 8. Nc3 a6 9. f3 e6 10. O-O Be7 11. Be3 O-O 12. Qe2 Rac8 13. Rfd1 Qc7 14.
b3 Rfd8 15. Rac1 Qb8 16. Nc2 Na7 17. Qf2 Nc6 18. Na4 Nd7 19. Nb6 Nxb6 20.
Bxb6 Rd7 21. c5 Bd8 22. cxd6 Rxd6 23. Bc5 Rxd1+ 24. Rxd1 Bc7 25. g3 Rd8 26.
Rxd8+ Qxd8 27. Nd4 Nxd4 28. Qxd4 Qxd4+ 29. Bxd4 g6 30. Kg2 Kf8
{Game drawn by mutual agreement}
1/2-1/2

[Event "ICC tourney 1934 (60 10)"]
[Site "Internet Chess Club"]
[Date "2020.07.26"]
[Round "5"]
[White "winner08"]
[Black "siddhu25"]
[Result "1-0"]
[ICCResult "Black checkmated"]
[WhiteElo "1635"]
[BlackElo "1489"]
[Opening "Caro-Kann: Steinitz variation"]
[ECO "B17"]
[NIC "CK.08"]
[Time "11:03:42"]
[TimeControl "3600+10"]

1. e4 c6 2. d4 d5 3. Nc3 dxe4 4. Nxe4 Nd7 5. Nf3 Ngf6 6. Nxf6+ Nxf6 7. c3
Bg4 8. Be2 e6 9. O-O Be7 10. h3 Bh5 11. Bf4 O-O 12. Ne5 Bxe2 13. Qxe2 c5 14.
Rfd1 Nd5 15. Bg3 cxd4 16. Rxd4 Bc5 17. Rdd1 Qe7 18. c4 Nb6 19. Nd3 Rfd8 20.
Nxc5 Qxc5 21. b3 h6 22. Rac1 a5 23. Rd2 a4 24. Rcd1 Qe7 25. Qg4 Rxd2 26.
Rxd2 Rd8 27. Be5 g6 28. Qf4 Rxd2 29. Qxd2 Kh7 30. Qd4 Nd7 31. Bd6 Qf6 32.
Qxf6 Nxf6 33. bxa4 Ne4 34. Bb4 f5 35. c5 Nf6 36. a5 Nd5 37. c6 bxc6 38. a6
Nc7 39. a7 Kg7 40. Bd6 Na8 41. g4 Kf6 42. Kg2 e5 43. Kf3 Ke6 44. gxf5+ Kxf5
45. Bf8 h5 46. Bd6 g5 47. Kg3 Ke6 48. Bc5 Kf5 49. Be3 h4+ 50. Kf3 e4+ 51.
Kg2 g4 52. Kh2 Nc7 53. a4 Na8 54. a5 Nc7 55. Bc5 Na8 56. Kg2 Kf4 57. Bd6+
Kf5 58. Be7 Kf4 59. Kh2 Kf3 60. Bc5 g3+ 61. Kg1 gxf2+ 62. Bxf2 e3 63. Bxh4
Ke2 64. Be7 Kd1 65. Bb4 e2 66. Kf2 c5 67. Be1 c4 68. h4 Nc7 69. h5 Ne6 70.
a8=Q Nf4 71. Qf3 Nd3+ 72. Ke3 Nxe1 73. Qxe2+ Kc1 74. Qxe1+ Kc2 75. Kd4 c3
76. Qxc3+ Kb1 77. Qd2 Ka1 78. Kc3 Kb1 79. Qb2# {Black checkmated} 1-0

[Event "ICC tourney 1934 (60 10)"]
[Site "Internet Chess Club"]
[Date "2020.07.26"]
[Round "5"]
[White "tricksterssbu"]
[Black "prnavneet"]
[Result "1-0"]
[ICCResult "Black checkmated"]
[WhiteElo "1504"]
[BlackElo "1412"]
[Opening "Sicilian: Sozin, not Scheveningen"]
[ECO "B57"]
[NIC "SI.25"]
[Time "11:04:21"]
[TimeControl "3600+10"]

1. e4 c5 2. Nf3 Nc6 3. d4 cxd4 4. Nxd4 Nf6 5. Nc3 d6 6. Bc4 e5 7. Nb3 Be6 8.
Bxe6 fxe6 9. O-O Be7 10. Nd2 O-O 11. Nf3 d5 12. exd5 exd5 13. Re1 d4 14. Ne4
Qd5 15. Nxf6+ Bxf6 16. Ng5 h6 17. Ne4 Rad8 18. Qg4 Rde8 19. Bxh6 Qf7 20.
Rad1 Kh7 21. Bg5 Qg6 22. Nxf6+ gxf6 23. Qh3+ Kg7 24. Bh4 e4 25. Qg3 Qxg3 26.
Bxg3 f5 27. h3 f4 28. Bh2 Kg6 29. a3 e3 30. fxe3 Rxe3 31. Rxe3 fxe3 32. Bg3
Kf5 33. Rf1+ Ke6 34. Rxf8 Kd5 35. Kf1 Kc4 36. Ke2 a5 37. h4 b5 38. Rc8 Kd5
39. Rxc6 Kxc6 40. Kd3 Kd5 41. h5 b4 42. axb4 axb4 43. h6 Ke6 44. h7 Kf7 45.
h8=Q Kg6 46. Qe5 Kf7 47. Kxd4 e2 48. Kd5 e1=Q 49. Bxe1 Kg6 50. Ke6 Kh7 51.
Qg5 Kh8 52. Kf7 b3 53. Qh6# {Black checkmated} 1-0